 Dungeon Crawl Stone Soup version 0.31.0-12-g77e489cdc1 (webtiles) character file.

Game seed: 6006970385058303892

94420 Ijustatesigmund the Fighter (level 16, -6/107 HPs)
             Began as a Gargoyle Fighter on Feb 26, 2024.
             Was an Elder of Cheibriados.
             Mangled by an orc knight
             ... wielding a +2 battleaxe of flaming
              (21 damage)
             ... on level 2 of the Orcish Mines.
             The game lasted 01:04:56 (28511 turns).

Ijustatesigmund the Fighter (Gargoyle Fighter)     Turns: 28511, Time: 01:04:57

Health: -6/107     AC: 25    Str: 30    XL:     16   Next: 11%
Magic:  28/28      EV: 13    Int: 25    God:    Cheibriados [****..]
Gold:   2207       SH:  0    Dex: 18    Spells: 25/31 levels left

rFire   + . .        a - +5 morningstar (flame)
rCold   + . .        c - +1 buckler
rNeg    + . .        b - +1 acid dragon scales
rPois   ∞            (no helmet)
rElec   +            t - +1 cloak
rCorr   +            o - +1 pair of gloves
SInv    .            (no boots)
Will    +....        (no amulet)
Stlth   +            v - ring of protection from cold
HPRegen 0.37/turn    m - ring of protection from fire
MPRegen 0.21/turn

%: no passive effects
@: confused, ambrosia-drunk, flying, very slow
A: sickness immunity, AC +12, big wings, negative energy resistance 1,
electricity resistance, torment resistance 1, petrification resistance
a: Renounce Religion, Bend Time, Temporal Distortion, Slouch


You were on level 2 of the Orcish Mines.
You worshipped Cheibriados.
Cheibriados was greatly pleased with you.
You visited 4 branches of the dungeon, and saw 22 of its levels.
You visited the Abyss 1 time.
You also visited: Sewer, Bailey and Gauntlet.

You collected 2420 gold pieces.
You spent 213 gold pieces at shops.

Inventory:

Hand Weapons
 a - a +5 morningstar of flaming (weapon)
 r - the +8 dagger of Uncomfortable Rashes {flame, ^Contam rF+++ Str+3 Dex+3}
   (You took it off a minotaur in a Gauntlet)

   Str+3:     It affects your strength (+3).
   Dex+3:     It affects your dexterity (+3).
   rF+++:     It renders you almost immune to fire.
   ^Contam:   It causes magical contamination when unequipped.
Missiles
 x - a throwing net (quivered)
Armour
 b - +1 acid dragon scales (worn)
 c - a +1 buckler (worn)
 o - a +1 pair of gloves (worn)
 t - a +1 cloak (worn)
 D - the +0 robe of Grace {Regen+ rCorr Str+3 Dex-2}
   (You found it in a Gauntlet)

   Str+3:     It affects your strength (+3).
   Dex-2:     It affects your dexterity (-2).
   Regen+:    It increases your rate of health regeneration.
   rCorr:     It protects you from acid and corrosion.
 I - a +3 plate armour
Jewellery
 m - a ring of protection from fire (right hand)
 v - a ring of protection from cold (left hand)
 A - a ring of positive energy
 F - a ring of ice
Wands
 z - a wand of flame (31)
 C - a wand of digging (5)
 H - a wand of polymorph (8)
 K - a wand of paralysis (3)
Scrolls
 d - 5 scrolls of identify
 j - 2 scrolls of fog
 p - 2 scrolls of amnesia
 u - a scroll of noise
 y - 2 scrolls of revelation
 B - a scroll of immolation
 M - 2 scrolls of brand weapon
Potions
 e - 4 potions of haste
 f - 3 potions of lignification
 g - 2 potions of magic
 h - 5 potions of ambrosia
 i - 6 potions of attraction
 l - a potion of cancellation
 q - 5 potions of brilliance
 E - 2 potions of enlightenment
 J - 2 potions of resistance
 N - 2 potions of mutation
 O - a potion of might
Miscellaneous
 w - a phial of floods
 G - a lightning rod (1/4)
 L - a box of beasts
 P - a phantom mirror


   Skills:
 + Level 14.7 Fighting
 + Level 13.8 Maces & Flails
 + Level 7.3 Armour
 + Level 4.2 Dodging
 + Level 5.2 Shields
 - Level 8.3 Spellcasting
 - Level 6.6 Conjurations
 - Level 7.6 Translocations
 - Level 3.2 Fire Magic
 + Level 13.1 Invocations
 - Level 6.3 Evocations


You had 25 spell levels left.
You knew the following spells:

 Your Spells              Type           Power      Damage    Failure   Level
a - Scorch                Fire           52%        2d7       3%          2
b - Iskenderun's Mystic   Conj/Tloc      46%        2d10      4%          4

Your spell library contained the following spells:

 Spells                   Type           Power      Damage    Failure   Level
 Volatile Blastmotes      Fire/Tloc      74%        2d16      2%          3
 Static Discharge         Conj/Air       54%        3-6/arc   3%          2
 Summon Small Mammal      Summ           40%        N/A       9%          1
 Flame Wave               Conj/Fire      35%        2d10      11%         4
 Call Imp                 Summ           20%        N/A       12%         2
 Jinxbite                 Hex            20%        N/A       12%         2
 Dimensional Bullseye     Hex/Tloc       14%        N/A       17%         4
 Vhi's Electric Charge    Tloc/Air       58%        N/A       17%         4
 Fulminant Prism          Conj/Alch      13%        3d9       21%         4
 Call Canine Familiar     Summ           10%        N/A       24%         3
 Sigil of Binding         Hex            10%        N/A       24%         3
 Swiftness                Air            10%        N/A       24%         3
 Ignite Poison            Fire/Alch      18%        N/A       38%         4
 Sticky Flame             Fire/Alch      18%        2d6       38%         4
 Summon Forest            Summ/Tloc      14%        N/A       43%         5
 Arcjolt                  Conj/Air       13%        1d23      50%         5
 Airstrike                Air            5%         2d(1-17)  63%         4
 Leda's Liquefaction      Alch/Erth      5%         N/A       63%         4
 Martyr's Knell           Necr/Summ      10%        N/A       63%         4
 Summon Lightning Spire   Summ/Air       10%        N/A       63%         4
 Lee's Rapid Deconstruct  Erth           5%         3d6*      92%         5
 Yara's Violent Unravell  Hex/Alch       5%         3d4       92%         5
 Bombard                  Conj/Erth      13%        9d3       97%         6
 Plasma Beam              Fire/Air       9%         2x1d19    99%         6
 Eringya's Noxious Bog    Alch           5%         4d6       100%        6
 Summon Cactus Giant      Summ           5%         N/A       100%        6
 Enfeeble                 Hex            5%         N/A       100%        7
 Summon Hydra             Summ           5%         N/A       100%        7
 Ignition                 Fire           13%        3d6       100%        8
 Dragon's Call            Summ           5%         N/A       100%        9
 Sublimation of Blood     Necr           Unusable   N/A       N/A         2

Dungeon Overview and Level Annotations

Branches:
Dungeon (14/15)            Temple (1/1) D:7            Lair (5/5) D:9
 Shoals (0/4) Lair:2       Spider (0/4) Lair:3        Slime (0/5) Lair:5
    Orc (2/2) D:12          Sewer (visited)          Bailey (visited)
Gauntlet (visited)
    Elf: Orc:2       Vaults: D:13-14

Altars:
Ashenzari
Cheibriados
Dithmenos
Elyvilon
Fedhas
Gozag
Hepliaklqana
Kikubaaqudgha
Makhleb
Nemelex Xobeh
Okawaru
Qazlal
Ru
Sif Muna
Trog
Uskayaw
Vehumet
Wu Jian
Xom
Yredelemnul
Zin
The Shining One

Shops:
D:2 [   D:11 *((   Orc:2 *!

Portals:
Trove: D:11 (give 7 scrolls of fog)

Annotations:
Lair:1 1 runed translucent door, Doomgape's ghost, journeyman TrFi


Innate Abilities, Weirdness & Mutations

You are immune to sickness and miasma.
Your stone body is resilient. (AC +12)
You are immune to poison.
Your large and strong wings let you fly.
You resist negative energy. (rN+)
You are resistant to electric shocks. (rElec)
You are resistant to unholy torment.
You are immune to petrification.


Message History

* * * LOW HITPOINT WARNING * * *
You hear a shout!
You bump into the stone wall.
You hear a shout!
The orc warrior hits you but does no damage.
Non-targeted confused throw: 2 throwing nets
Press: ? - help, Q - select action, (/) - cycle Dir - look around, f - activate Look: an orc knight, wielding a +2 battleaxe of flaming and wearing a +0 chain mail (lightly wounded)
You throw a throwing net.
The orc knight hits you but does no damage.
The orc warrior hits you but does no damage.
You bump into the stone wall.
The orc knight hits you with a +2 battleaxe of flaming.
* * * LOW HITPOINT WARNING * * *
The orc warrior hits you but does no damage.
You bump into the stone wall.
The orc warrior barely misses you.
You feel less invigorated.
You feel less confused.
The orc knight attacks as it pursues you!
The orc knight hits you with a +2 battleaxe of flaming!
* * * LOW HITPOINT WARNING * * *
The orc knight burns you.
* * * LOW HITPOINT WARNING * * *
The orc warrior attacks as it pursues you!
The orc warrior hits you from afar with a +0 glaive.
* * * LOW HITPOINT WARNING * * *
The orc knight hits you but does no damage.
The orc warrior hits you from afar with a +0 glaive.
* * * LOW HITPOINT WARNING * * *
You are confused.
You feel invigorated. The orc knight misses you.
The orc warrior hits you but does no damage.
You bump into the stone wall.
The orc high priest mumbles some strange prayers to Beogh against you.
Beogh smites you!
* * * LOW HITPOINT WARNING * * *
The orc warrior barely misses you.
You bump into the stone wall.
The orc knight hits you with a +2 battleaxe of flaming!!
You die...

.#.## ##### ##)))#)#)#...###
....# ###.## ##))))))..)....##
...## ##....# ##).#.#..(..#.#..#
.#######....####..##))..#....##..
## ##.###...###..###...###...# #.
####....#..###..###...## ##...# #
.##......))##..###...## #...#
.#......#.....###...## #...#
..#....#)....###@o.## #...
..##........###o#o## #.#
..####.....###.o.## .##
#......####.#)# .# ##.##...#
##.o.# .# #####.## ##..o# ## ###
##.).# # #...# # #..o.


You could see an orc knight, an orc high priest and 2 orc warriors.

Vanquished Creatures
  A tentacled starspawn (Abyss:2)
  2 orc warlords (Orc:2)
  A minotaur (Gauntlet)
  An ettin (Orc:2)
  Snorg (Orc:2)
  Fannar (D:10)
  7 vault guards
  2 hydras
  3 catoblepae (Lair:5)
  3 centaur warriors
  A two-headed ogre (D:11)
  4 boulder beetles
  A spriggan skeleton (Abyss:2)
  A tengu warrior (D:13)
  25 death yaks
  2 orc high priests
  Nergalle (D:12)
  A skyshark (Lair:5)
  2 large abominations (Abyss:2)
  The ghost of Doomgape the Fighter, a novice MiFi of the Shining One (D:6)
  4 orc knights
  A lindwurm (Lair:4)
  2 harpies (Lair:2)
  A deep elf pyromancer (D:12)
  2 ugly things (D:13)
  A cyclops (D:11)
  4 orc sorcerers
  3 manticores
  4 elephants (Lair:5)
  An apocalypse crab (Abyss:2)
  A black mamba (Lair:1)
  2 smoke demons
  3 kobold blastminers
  An eye of devastation (Gauntlet)
  2 unseen horrors (D:11)
  Maggie (D:7)
  6 komodo dragons
  10 cane toads
  An ice devil (Gauntlet)
  3 rime drakes
  A tengu conjurer (D:13)
  A polar bear (Lair:4)
  A queen bee (Lair:2)
  A red devil (Orc:2)
  8 trolls
  Prince Ribbit (Bailey)
  3 hornets
  12 raiju (Abyss:2)
  A glass eye (Gauntlet)
  18 blink frogs
  3 shadows
  5 jumping spiders (Lair:3)
  10 dream sheep (Lair:5)
  2 slime creatures (Lair:5)
  3 ynoxinuls
  Sigmund (D:6)
  4 wraiths
  56 yaks
  Grum (D:10)
  5 basilisks
  2 wyverns (Lair:5)
  Eustachio (D:4)
  5 humans (Bailey)
  A neqoxec (Abyss:2)
  4 wargs
  3 redbacks (Lair:3)
  4 vampire mosquitoes
  5 acid dragons
  14 water moccasins
  A black bear (D:4)
  An ice beast (D:7)
  42 orc warriors
  A laughing skull (D:13)
  3 sky beasts (D:7)
  20 wolves
  5 boggarts (D:14)
  6 ogres
  2 centaurs
  4 kobold brigands
  24 bullfrogs
  2 gnoll sergeants (D:9)
  7 scorpions
  7 wights
  33 killer bees
  8 howler monkeys
  2 electric eels
  3 crimson imps (Gauntlet)
  A quasit (Abyss:2)
  6 hounds
  3 jellies
  27 orc priests
  2 gnoll boudas
  A sleepcap (D:4)
  3 iguanas
  13 orc wizards
  4 hell rats (Lair:5)
  19 gnolls
  8 adders
  A river rat (Sewer)
  8 white imps
  7 ribbon worms
  4 dart slugs
  95 orcs
  9 ball pythons
  7 endoplasms
  5 giant cockroaches
  7 goblins
  9 hobgoblins
  9 jackals
  18 kobolds
  5 quokkas
  3 bats
  9 rats
744 creatures vanquished.

Vanquished Creatures (others)
  A yak (D:9)
  An orc (Orc:2)
2 creatures vanquished.

Grand Total: 746 creatures vanquished

Notes
Turn   | Place    | Note
-------+----------+-------------------------------------------
     0 | D:1      | Ijustatesigmund the Gargoyle Fighter began the quest for
                  | the Orb.
     0 | D:1      | Reached XP level 1. HP: 14/14 MP: 1/1
   135 | D:1      | Reached XP level 2. HP: 19/19 MP: 2/2
   350 | D:1      | Reached XP level 3. HP: 24/24 MP: 3/3
   645 | D:1      | Found a faded altar of an unknown god.
   700 | D:2      | Found a shimmering blue altar of Sif Muna.
   976 | D:2      | Reached skill level 4 in Fighting
  1122 | D:2      | Reached XP level 4. HP: 29/29 MP: 4/4
  1325 | D:2      | Found Secs's Antique Armour Shop.
  2325 | D:4      | Reached skill level 1 in Evocations
  2328 | D:4      | Reached XP level 5. HP: 28/33 MP: 5/5
  2399 | D:4      | Found a glowing drain.
  2433 | Sewer    | Entered a sewer
  2742 | Sewer    | Noticed a kobold brigand
  2756 | Sewer    | Killed a kobold brigand
  2757 | Sewer    | Reached skill level 5 in Maces & Flails
  2757 | Sewer    | Reached XP level 6. HP: 37/38 MP: 6/6
  2861 | D:4      | Noticed Eustachio
  2880 | D:4      | Killed Eustachio
  2970 | D:4      | Reached XP level 7. HP: 44/44 MP: 7/7
  2977 | D:4      | Found an ancient bone altar of Kikubaaqudgha.
  3125 | D:4      | Reached skill level 5 in Fighting
  3202 | D:4      | Found a stormy altar of Qazlal.
  3310 | D:5      | Entered Level 5 of the Dungeon
  3523 | D:5      | Reached skill level 5 in Armour
  3523 | D:5      | Reached XP level 8. HP: 32/51 MP: 4/8
  3529 | D:5      | Reached skill level 6 in Fighting
  3620 | D:5      | Found a burning altar of Makhleb.
  3917 | D:5      | Reached skill level 7 in Fighting
  4264 | D:6      | Reached XP level 9. HP: 31/57 MP: 5/9
  4366 | D:6      | Found a runed translucent door.
  4367 | D:6      | Noticed Doomgape's ghost (novice MiFi)
  4475 | D:6      | Noticed Sigmund
  4488 | D:6      | Killed Sigmund
  4750 | D:6      | Found an ornate altar of the Wu Jian Council.
  4894 | D:6      | Killed Doomgape's ghost
  4895 | D:6      | Reached skill level 8 in Fighting
  4986 | D:7      | Identified the +3 great sword of Ash {vamp, Str+5}
  5024 | D:7      | Found a flagged portal.
  5037 | Bailey   | Entered a bailey
  5080 | Bailey   | Reached skill level 5 in Shields
  5151 | Bailey   | Reached skill level 1 in Dodging
  5263 | Bailey   | Reached skill level 9 in Fighting
  5263 | Bailey   | Reached XP level 10. HP: 54/66 MP: 9/11
  5278 | Bailey   | Noticed a vault guard
  5458 | Bailey   | Noticed Prince Ribbit
  5470 | Bailey   | Killed Prince Ribbit
  5507 | Bailey   | Killed a vault guard
  5711 | Bailey   | Noticed a vault guard
  5758 | D:7      | Identified the +0 war axe of Equilibrium {freeze, rF- rCorr
                  | MP+9}
  5794 | D:7      | Noticed Maggie
  5799 | D:7      | Killed Maggie
  5800 | D:7      | Reached skill level 10 in Fighting
  5981 | D:7      | Found a staircase to the Ecumenical Temple.
  6003 | Temple   | Entered the Ecumenical Temple
  6027 | Temple   | Became a worshipper of Cheibriados the Contemplative
  6265 | D:7      | Reached skill level 10 in Maces & Flails
  6385 | D:8      | Reached skill level 1 in Invocations
  6426 | D:8      | Found a broken altar of Ashenzari.
  6435 | D:8      | Found a hide-covered altar of Uskayaw.
  6529 | D:8      | Reached * piety under Cheibriados
  6818 | D:8      | Found an iron altar of Okawaru.
  6852 | D:8      | Reached XP level 11. HP: 73/73 MP: 12/12
  7344 | D:8      | Reached skill level 11 in Fighting
  7506 | D:9      | Found a staircase to the Lair.
  7660 | D:9      | Reached ** piety under Cheibriados
  8209 | D:9      | Reached skill level 5 in Invocations
  8466 | D:9      | Found a glowing silver altar of Zin.
  8659 | D:10     | Entered Level 10 of the Dungeon
  8710 | D:10     | Reached *** piety under Cheibriados
  8936 | D:10     | Reached skill level 12 in Fighting
  9168 | D:10     | Noticed Grum
  9187 | D:10     | Killed Grum
  9350 | D:10     | Noticed Fannar
  9370 | D:10     | Killed Fannar
  9371 | D:10     | Reached XP level 12. HP: 51/81 MP: 11/16
  9874 | D:11     | Reached **** piety under Cheibriados
  9918 | D:11     | Learned a level 2 spell: Scorch
  9971 | D:11     | Found a portal to a secret trove of treasure.
  9998 | D:11     | Reached skill level 1 in Spellcasting
 10090 | D:11     | Found Zicihod's Weapon Emporium.
 10111 | D:11     | Found Reladaes's Weapon Shoppe.
 10133 | D:11     | Found Tiruf's Assorted Antiques.
 10136 | D:11     | Bought a jewelled silver wand for 92 gold pieces
 10216 | D:11     | Noticed a two-headed ogre
 10225 | D:11     | Killed a two-headed ogre
 10226 | D:11     | Reached skill level 1 in Fire Magic
 11464 | D:12     | Found a staircase to the Orcish Mines.
 11465 | D:12     | Reached ***** piety under Cheibriados
 11569 | D:12     | Noticed Nergalle
 11585 | D:12     | Killed Nergalle
 12572 | D:12     | Learned a level 4 spell: Iskenderun's Mystic Blast
 12645 | D:13     | Reached skill level 1 in Conjurations
 12645 | D:13     | Noticed a boulder beetle
 12650 | D:13     | Reached skill level 1 in Translocations
 12702 | D:13     | Killed a boulder beetle
 12738 | D:13     | Noticed a centaur warrior
 12753 | D:13     | Killed a centaur warrior
 13103 | D:13     | Noticed a boulder beetle
 13104 | D:13     | Noticed a boulder beetle
 13116 | D:13     | Noticed a tengu warrior
 13123 | D:13     | Killed a boulder beetle
 13137 | D:13     | Killed a tengu warrior
 13146 | D:13     | Killed a boulder beetle
 13147 | D:13     | Reached XP level 13. HP: 41/87 MP: 6/19
 13974 | D:14     | Found a snail-covered altar of Cheibriados.
 14021 | D:14     | Noticed a vault guard
 14021 | D:14     | Noticed a vault guard
 14021 | D:14     | Noticed a vault guard
 14021 | D:14     | Noticed a vault guard
 14021 | D:14     | Noticed a vault guard
 14024 | D:14     | Noticed a vault guard
 14029 | D:14     | Killed a vault guard
 14030 | D:14     | Reached skill level 5 in Spellcasting
 14035 | D:13     | Killed a vault guard
 14198 | D:13     | HP: 3/87 [vault guard/+0 dire flail of distortion (8)]
 14221 | Abyss:2  | Cast into level 2 of the Abyss (vault guard)
 14360 | Abyss:2  | Reached skill level 5 in Conjurations
 14581 | Abyss:2  | Noticed a tentacled starspawn
 14588 | Abyss:2  | Killed a tentacled starspawn
 14765 | D:13     | Escaped the Abyss
 14995 | D:13     | Killed a vault guard
 14996 | D:13     | Reached skill level 10 in Invocations
 15237 | D:13     | Killed a vault guard
 15238 | D:13     | Reached skill level 5 in Translocations
 15470 | D:14     | Noticed a vault guard
 15477 | D:13     | Killed a vault guard
 15604 | D:13     | Killed a vault guard
 15998 | Lair:1   | Entered Level 1 of the Lair of Beasts
 16016 | Lair:1   | Identified the +10 scimitar of the Equinox {flame, rF+
                  | Int+2 Stlth+}
 16428 | Lair:1   | Gained mutation: Your large and strong wings let you fly.
                  | [Gargoyle growth]
 16428 | Lair:1   | Reached XP level 14. HP: 89/92 MP: 23/23
 16495 | Lair:1   | Found a runed translucent door.
 16495 | Lair:1   | Noticed Doomgape's ghost (journeyman TrFi)
 16696 | Lair:1   | Reached ****** piety under Cheibriados
 17798 | Lair:2   | Found a staircase to the Shoals.
 19080 | Lair:3   | Reached skill level 13 in Fighting
 19288 | Lair:3   | Identified the +8 long sword of Ceakhlu {heavy, Str+2}
 19442 | Lair:3   | Found a hole to the Spider Nest.
 20509 | Lair:4   | Found a gate leading to a gauntlet.
 20518 | Gauntlet | Entered a Gauntlet
 20518 | Gauntlet | Found a transporter.
 20518 | Gauntlet | Found a transporter.
 20530 | Gauntlet | Found a transporter.
 20536 | Gauntlet | Found a transporter.
 20568 | Gauntlet | Found a transporter.
 20571 | Gauntlet | Found a transporter.
 20637 | Gauntlet | Found a transporter.
 20646 | Gauntlet | Found a transporter.
 20674 | Gauntlet | Found a transporter.
 20733 | Gauntlet | Identified the +8 dagger of Uncomfortable Rashes {flame,
                  | ^Contam rF+++ Str+3 Dex+3}
 20771 | Gauntlet | Got the Guidebook on the Escort
 20773 | Gauntlet | Identified the +0 robe of Grace {Regen+ rCorr Str+3 Dex-2}
 20778 | Gauntlet | Identified the +0 robe of the Salmon {Dex+2 Stlth+}
 20779 | Gauntlet | Got the Omnibus of Turbulent Illusion
 21101 | Lair:4   | Identified a scroll of acquirement
 21101 | Lair:4   | Acquired 756 gold pieces
 21612 | Lair:5   | Entered Level 5 of the Lair of Beasts
 21738 | Lair:5   | Found a staircase to the Slime Pits.
 21862 | Lair:5   | Reached XP level 15. HP: 83/99 MP: 15/25
 22505 | Lair:5   | Reached skill level 5 in Evocations
 22868 | Lair:5   | Reached skill level 14 in Fighting
 23677 | Lair:5   | Identified the +0 plate armour of Leaves {Will+ Str+3}
 24638 | Orc:1    | Entered Level 1 of the Orcish Mines
 25549 | Orc:2    | Entered Level 2 of the Orcish Mines
 26805 | Orc:2    | Noticed Snorg
 26807 | Orc:2    | Noticed an orc warlord
 26811 | Orc:2    | Killed Snorg
 26819 | Orc:2    | Killed an orc warlord
 26831 | Orc:2    | Noticed an orc warlord
 26848 | Orc:2    | Killed an orc warlord
 27099 | Orc:2    | Reached XP level 16. HP: 45/107 MP: 22/28
 27799 | Orc:2    | Found Dastres's General Store.
 27800 | Orc:2    | Found Duis Wete's Distillery.
 28080 | Orc:2    | Bought a scroll of teleportation for 33 gold pieces
 28080 | Orc:2    | Bought a potion of cancellation for 88 gold pieces
 28124 | Orc:2    | Paralysed by an orc sorcerer for 3 turns
 28482 | Orc:2    | Paralysed by an orc sorcerer for 2 turns
 28501 | Orc:2    | HP: 4/107 [orc knight/+2 battleaxe of flaming (10)]
 28511 | Orc:2    | Mangled by an orc knight

Illustrated notes

Levels and vault maps discovered:
D:1:      spicycebolla_arrival_clurvy, layout_loops_ring,
          ebering_ecumenical_altar_abandoned, minmay_distorted
D:2:      layout_loops_ring, serial_shops, shop, basic_altar
D:3:      layout_loops_ring, kennysheep_cross_room, minmay_misc_feat_tower,
          roderic_serpentine_path
D:4:      layout_rooms, grunt_qazlal_clouds, mainiacjoe_overflow_brackets,
          cheibrodos_sewer_entry_drain, uniq_eustachio
D:5:      layout_loops_ring, makhleb_heckhound_becter
D:6:      layout_rooms, nicolae_wu_jian_immortal_techniques,
          ebering_ghost_sewer_d, uniq_sigmund
D:7:      layout_rooms, minmay_temple_entry_large_hall, enter_bailey_2,
          kennysheep_decorative_pillar, uniq_maggie
D:8:      layout_loops_ring, hellmonk_okawaru_the_only_friend_you_need,
          mainiacjoe_overflow_large_starburst
D:9:      layout_small_grid, mainiacjoe_overflow_six_doors_small,
          minmay_lair_entry_grove, minivault_26
D:10:     layout_loops_corners, uniq_fannar, uniq_grum
D:11:     layout_loops_cross, serial_shops, kennysheep_mini_moat,
          nicolae_lakefront_shop, shop, nicolae_trove_entry_isolated
D:12:     layout_cave_pods, erik_orc_3, uniq_nergalle
D:13:     layout_loops_ring, serial_bayou_pond_b
D:14:     layout_cave_pools, erik_vaults_2, cheibriados_altar_1
Temple:   zaba_magenta_temple
Lair:1:   layout_long_grid, ebering_ghost_inner_flame, serial_rivers,
          chequers_serial_rivers_micro_c, chequers_serial_rivers_room_b,
          chequers_serial_rivers_small_a, chequers_serial_rivers_room_b,
          chequers_serial_rivers_micro_e, chequers_serial_rivers_small_3
Lair:2:   layout_roguey [special_room_bee], nicolae_shoals_entry_roost,
          nicolae_lair_lil_pond
Lair:3:   layout_layer_cave, nicolae_spider_entry_tight_spaces,
          beast_lair_carwin_2
Lair:4:   layout_roguey, gauntlet_entry_generic, serial_rivers,
          chequers_serial_rivers_micro_b, chequers_serial_rivers_micro_c,
          chequers_serial_rivers_small_a, chequers_serial_rivers_room_a,
          chequers_serial_rivers_micro_a
Lair:5:   evilmike_catoblepas_cave, layout_regular_city,
          minmay_slime_entry_pillars, nicolae_quartered_pool_super,
          grunt_megastairs_2
Orc:1:    layout_diamond_mine, special_room [special_room_orc]
Orc:2:    pf_orc_diabolical, layout_diamond_mine, uniq_josephine, uniq_snorg

Skill      XL: |  1  2  3  4  5  6  7  8  9 10 11 12 13 14 15 |
---------------+----------------------------------------------+-----
Maces & Flails | 3 5 6 7 8 10 11 12 13 | 13.8
Fighting       | 4 5 7 9 10 12 13 14 | 14.7
Evocations     | 1 2 3 4 6 |  6.3
Armour         | 4 5 6 7 |  7.3
Shields        | 5 |  5.2
Dodging        | 1 4 |  4.2
Invocations    | 2 6 8 10 11 13 | 13.1
Spellcasting   | 4 6 8 |  8.3
Fire Magic     | 3 |  3.2
Conjurations   | 3 6 |  6.6
Translocations | 2 6 7 |  7.6

Action                     |  1- 3 |  4- 6 |  7- 9 | 10-12 | 13-15 | 16-18 || total
---------------------------+-------+-------+-------+-------+-------+-------++-------
  Melee: Flail             |   119 |    80 |       |       |       |       ||   199
         Morningstar       |       |    88 |   327 |   703 |   911 |    46 ||  2075
  Throw: Throwing net      |       |       |       |       |       |     1 ||     1
   Cast: Scorch            |       |       |       |     7 |     1 |       ||     8
         Iskenderun's Myst |       |       |       |       |    44 |    16 ||    60
 Invoke: Slouch            |       |       |       |       |    12 |     4 ||    16
         Bend Time         |       |       |       |       |     4 |       ||     4
         Step From Time    |       |       |       |       |       |     2 ||     2
  Evoke: Wand              |       |     1 |     3 |    29 |    24 |     1 ||    58
         Lightning rod     |       |       |       |     3 |    14 |       ||    17
         Box of beasts     |       |       |       |       |     3 |       ||     3
    Use: Scroll            |       |    13 |     5 |    14 |    17 |     2 ||    51
         Potion            |       |       |     5 |     8 |    11 |     7 ||    31
   Stab: Sleeping          |       |       |       |       |     4 |       ||     4
         Distracted        |       |       |       |       |     1 |       ||     1
         Paralysed         |       |       |       |       |     4 |       ||     4
 Armour: Scale mail        |    69 |    16 |       |       |       |       ||    85
         Chain mail        |       |   123 |   371 |   112 |       |       ||   606
         Acid dragon scale |       |       |       |   513 |   738 |    75 ||  1326
         Plate armour      |       |       |       |    26 |       |       ||    26
  Dodge: Dodged            |    54 |    73 |   141 |   477 |   547 |    38 ||  1330
  Block: Buckler           |    25 |    32 |    76 |   250 |   365 |    20 ||   768
